 Dungeon Crawl Stone Soup version 0.31.0-11-ge490571c62 (webtiles) character file.

Game seed: 15091464393589504696

44 Gadfly the Trooper (level 3, -5/29 HPs)
             Began as a Demonspawn Monk on Jan 28, 2024.
             Slain by Sigmund
             ... wielding a +0 scythe
              (6 damage)
             ... on level 2 of the Dungeon.
             The game lasted 00:01:58 (857 turns).

Gadfly the Trooper (Demonspawn Monk)                 Turns: 857, Time: 00:01:58

Health: -5/29      AC:  0    Str: 12 (13) XL:     3   Next: 41%
Magic:  3/3        EV: 20    Int:  9 (10) God:
Gold:   21         SH:  0    Dex: 18 (20) Spells: 2/2 levels left

rFire   . .          .
                       - Unarmed
rCold   . . .        c - melded orb {light}
rNeg    . . .        a - melded +0 robe
rPois   .            (helmet currently unavailable)
rElec   .            (cloak currently unavailable)
rCorr   .            (gloves currently unavailable)
SInv    .            (boots currently unavailable)
Will    .....        (no amulet)
Stlth   +            (ring currently unavailable)
HPRegen 0.24/turn    (ring currently unavailable)
MPRegen 0.08/turn

%: no passive effects
@: confused, bat-form, flying, very quick
A: fast, flying, no casting, tiny, (molten scales 2)
a: no special abilities


You were on level 2 of the Dungeon.
You were a bat.
You visited 1 branch of the dungeon, and saw 2 of its levels.

You collected 21 gold pieces.

Inventory:

Hand Weapons
 g - a +0 spear
Missiles
 e - a throwing net (quivered)
Armour
 a - a +0 robe (melded)
 c - an orb of light (melded)
Scrolls
 d - a scroll of teleportation


   Skills:
 - Level 3.0 Fighting
 + Level 3.0 Dodging
 + Level 3.0 Unarmed Combat
 * Level 1.5 Evocations
 * Level 1.2 Shapeshifting


You had 2 spell levels left.
You didn't know any spells.
Your spell library was empty.

Dungeon Overview and Level Annotations

Branches:
Dungeon (2/15)

Altars:

Annotations:
D:2 Sigmund


Innate Abilities, Weirdness & Mutations

You are a bat.
You are tiny and dextrous.
You move quickly.
You are flying.
Your equipment is almost entirely melded.
You are incapable of wielding weapons or throwing items.
You cannot cast spells.
((You are mostly covered in molten scales. (AC +3)))


Message History

The endoplasm hits you but does no damage.
You swing at nothing.
You feel less confused. Sigmund hits you but does no damage.
The endoplasm freezes you.
You are frozen.
* * * LOW HITPOINT WARNING * * *
You hit the endoplasm.
The endoplasm is almost dead.
The endoplasm hits you but does no damage.
Sigmund hits you but does no damage.
You hit the endoplasm.
You kill the endoplasm!
Sigmund hits you but does no damage.
You swing at nothing.
You swing at nothing.
You feel less wooden.
Your +0 robe unmelds from your body.
Sigmund misses you.
Unknown command.
You swing at nothing.
Sigmund hits you from afar with a +0 scythe.
* * * LOW HITPOINT WARNING * * *
You aren't carrying any items that you can evoke.
It was a potion of curing.
You feel better.
You are now empty-handed.
Sigmund hits you from afar with a +0 scythe.
* * * LOW HITPOINT WARNING * * *
Sigmund gestures at you while chanting.
You are confused.
Sigmund zaps a wand.
You resist with significant effort.
Sigmund hits you from afar with a +0 scythe!
* * * LOW HITPOINT WARNING * * *
Sigmund zaps a wand.
You turn into a bat.
Your orb of light melds into your body.
Your +0 robe melds into your body.
You bump into the rock wall.
You hear some strange, mumbled words.
Deactivating autopickup; reactivate with Ctrl-A.
You are more confused.
Something hits you.
You die...

#..$....# #.......#
#.......#########
#.....†..<.......
####.......#########
#..........#
#......:...#
#..........#
+......<..b#
#.......:..#
............+
##...$......#
..............
#...(##########
#.### #.


There were no monsters in sight!

Vanquished Creatures
  2 dart slugs (D:1)
  4 ball pythons (D:1)
  9 endoplasms
  3 giant cockroaches (D:1)
  4 goblins (D:1)
  2 hobgoblins
  A quokka (D:1)
  2 bats
  4 frilled lizards (D:1)
  3 kobolds (D:1)
  3 rats (D:1)
37 creatures vanquished.

Notes
Turn   | Place    | Note
-------+----------+-------------------------------------------
     0 | D:1      | Gadfly the Demonspawn Monk began the quest for the Orb.
     0 | D:1      | Reached XP level 1. HP: 18/18 MP: 1/1
   110 | D:1      | Gained mutation: You are partially covered in molten
                  | scales. (AC +2) [demonic ancestry]
   110 | D:1      | Reached XP level 2. HP: 23/24 MP: 2/2
   272 | D:1      | Reached skill level 1 in Evocations
   304 | D:1      | Reached skill level 1 in Shapeshifting
   320 | D:1      | Gained mutation: You are mostly covered in molten scales.
                  | (AC +3) [demonic ancestry]
   320 | D:1      | Reached XP level 3. HP: 29/29 MP: 3/3
   681 | D:2      | Noticed Sigmund
   853 | D:2      | HP: 1/29 [Sigmund/+0 scythe (7)]
   857 | D:2      | Slain by Sigmund

Illustrated notes

Levels and vault maps discovered:
D:1:      spicycebolla_green_bress_n_ham_2, layout_basic, minmay_tromino_i4
D:2:      layout_basic, serial_shops, shop, st_stairs_13, uniq_sigmund,
          uniq_terence

Skill      XL: |  1  2  3 |
---------------+----------+-----
Evocations     | 1 |  1.5
Shapeshifting  | 1 |  1.2
Dodging        | 3 |  3.0
Unarmed Combat | 3 |  3.0
Fighting       | |  3.0

Action                     || total
---------------------------++-------
  Melee: Unarmed           ||    87
         Spear             ||    14
    Use: Potion            ||     3
         Scroll            ||     1
 Armour: Robe              ||    30
         Skin              ||    24
  Dodge: Dodged            ||    57
